 Dungeon Crawl Stone Soup version 0.27.1-33-g824d729ab1 (webtiles) character file.

Game seed: 5723584481041889173

127693 dkowning the Executioner (level 16, -3/155 HPs)
             Began as a Minotaur Berserker on Dec 3, 2021.
             Was the Champion of Trog.
             Slain by a 12-headed hydra (9 damage)
             ... on level 5 of the Lair of Beasts on Dec 21, 2021.
             The game lasted 00:48:25 (26236 turns).

dkowning the Executioner (Minotaur Berserker)      Turns: 26236, Time: 00:48:26

Health: -3/155     AC: 10    Str: 27    XL:     16   Next: 46%
Magic:  5/5        EV: 14    Int:  6    God:    Trog [******]
Gold:   2676       SH:  5    Dex: 10    Spells: 15/15 levels left

rFire    + . .     SeeInvis +   H - +7 executioner's axe (antimagic)
rCold    + + .     Faith    .   (shield currently unavailable)
rNeg     . . .     Spirit   .   G - +4 skin of Zhor {*Englaciate rC+++ SInv}
rPois    .         Reflect  +   (helmet restricted)
rElec    .         Harm     .   (no cloak)
rCorr    .         Rampage  .   (no gloves)
Will     +....                  B - +2 pair of boots {Fly}
Stlth    ++........             T - amulet of reflection
HPRegen  0.35/turn              P - ring of flight
MPRegen  0.09/turn              c - ring of fire

@: about to teleport, flying
A: horns 2, retaliatory headbutt
a: Renounce Religion, Berserk, Trog's Hand, Brothers in Arms


You were on level 5 of the Lair of Beasts.
You worshipped Trog.
Trog was exalted by your worship.
You visited 4 branches of the dungeon, and saw 23 of its levels.
You visited the Abyss 1 time.
You also visited: Ice Cave.

You collected 2676 gold pieces.

Inventory:

Hand Weapons
 e - a +4 battleaxe
 s - a +1 vorpal war axe
 H - a +7 antimagic executioner's axe (weapon)
 J - a +0 battleaxe of freezing
Armour
 B - a +2 pair of boots of flying (worn)
 G - the +4 skin of Zhor (worn) {*Englaciate rC+++ SInv}
   (You found it in an ice cave)

   It radiates cold, occasionally slowing all nearby creatures who are not
   resistant to cold.
   rC:        It renders you almost immune to cold.
   SInv:      It lets you see invisible.
 L - the +27 Lear's hauberk
   (You found it in an ice cave)
Jewellery
 c - a ring of fire (right hand)
 f - an amulet of regeneration
 v - a +6 ring of dexterity
 P - a ring of flight (left hand)
 R - an amulet of guardian spirit
 T - an amulet of reflection (around neck)
 V - a ring of ice
 Y - a +6 ring of strength
Wands
 h - a wand of charming (10)
 t - a wand of acid (10)
 F - a wand of mindburst (20)
 M - a wand of paralysis (13)
 O - a wand of flame (71)
 S - a wand of polymorph (7)
 Z - a wand of iceblast (20)
Scrolls
 b - 6 scrolls of magic mapping
 d - 3 scrolls of immolation
 g - 6 scrolls of teleportation
 j - 2 scrolls of amnesia
 q - a scroll of summoning
 w - a scroll of vulnerability
 x - 3 scrolls of brand weapon
 A - 3 scrolls of enchant weapon
 I - 4 scrolls of fear
 Q - a scroll of blinking {unknown}
 U - 2 scrolls of enchant armour {unknown}
 W - a scroll of silence {unknown}
 X - 6 scrolls of identify
Potions
 a - 5 potions of invisibility
 i - 7 potions of might
 k - 3 potions of mutation
 l - 3 potions of lignification
 m - 4 potions of heal wounds
 o - a potion of magic {unknown}
 p - 2 potions of degeneration {unknown}
 r - 5 potions of curing {unknown}
 u - 3 potions of cancellation {unknown}
 z - 5 potions of attraction {unknown}
 C - 3 potions of flight {unknown}
 D - 2 potions of resistance {unknown}
 E - 3 potions of brilliance {unknown}
 N - a potion of berserk rage {unknown}
Miscellaneous
 K - a box of beasts


   Skills:
 + Level 17.0 Fighting
 + Level 23.3 Axes
 + Level 13.9 Armour
 + Level 8.6 Dodging
 + Level 3.8 Stealth
 + Level 3.5 Shields
 + Level 0.1 Evocations


You had 15 spell levels left.
You didn't know any spells.
Your spell library was empty.

Dungeon Overview and Level Annotations

Branches:
Dungeon (15/15)            Temple (0/1) D:7            Lair (5/6) D:11
 Shoals (0/4) Lair:2        Snake (0/4) Lair:2          Orc (2/2) D:11
    Elf (0/3) Orc:2        Vaults (0/5) D:13         Depths (1/5) D:15
  IceCv (visited)
  Slime: Lair:5-6

Altars:
Dithmenos
Gozag
Kikubaaqudgha
Makhleb
Nemelex Xobeh
Ru
Vehumet
Xom
Beogh

Shops:
D:4 *   Orc:2 =:*[

Portals:
Abyss: Lair:5
Trove: D:10 (give ring "Wyug")


Innate Abilities, Weirdness & Mutations

You have a pair of horns on your head.
You reflexively headbutt those who attack you in melee.


Message History

The six-headed hydra grows two more!
You slice the eight-headed hydra!!
You hear a roar!
The 12-headed hydra closely misses you. The 12-headed hydra bites you.
You block the 12-headed hydra's attack. The 12-headed hydra misses you.
The 12-headed hydra bites you but does no damage.
The 12-headed hydra completely misses you.
The 12-headed hydra bites you! The 12-headed hydra barely misses you.
The 12-headed hydra bites you but does no damage.
The 12-headed hydra barely misses you. You block the 12-headed hydra's attack.
The 12-headed hydra bites you.
The seven-headed hydra barely misses you.
The seven-headed hydra bites you!
The seven-headed hydra bites you but does no damage.
The seven-headed hydra bites you! The seven-headed hydra bites you.
The seven-headed hydra bites you but does no damage.
The seven-headed hydra bites you.
As you read the scroll of teleportation, it crumbles to dust.
You feel strangely unstable. The eight-headed hydra bites you!
* * * LOW HITPOINT WARNING * * *
You block the eight-headed hydra's attack.
The eight-headed hydra bites you but does no damage.
You block the eight-headed hydra's attack.
The eight-headed hydra bites you.
* * * LOW HITPOINT WARNING * * *
The eight-headed hydra bites you!
* * * LOW HITPOINT WARNING * * *
The eight-headed hydra bites you but does no damage.
The eight-headed hydra misses you.
The 12-headed hydra bites you but does no damage.
You block the 12-headed hydra's attack.
The 12-headed hydra bites you but does no damage. x2
The 12-headed hydra bites you!
* * * LOW HITPOINT WARNING * * *
The 12-headed hydra bites you.
* * * LOW HITPOINT WARNING * * *
The 12-headed hydra bites you!
* * * LOW HITPOINT WARNING * * *
The 12-headed hydra completely misses you.
The 12-headed hydra bites you!
You die...

............## #####.#.#.#.#...#
#...........#...#
#........÷..#..P# #...#
#≈...+..P# #...## ##...#...# #
##..≈####.).....#
####..#D.......÷..#..##
#########P## #.D@#........#..###
.PP##..#...##/.D########.###.#.#
.PP........##.?# ### #..#
..P.......##### ######.#
...........## ### #####.##...#
....##...#..# .##.#..#.#.....#
...#......#.###..P.#...#......#
...........†..................#
.##....P...†...##.............#


You could see a 12-headed hydra, an eight-headed hydra and a seven-headed hydra.

Vanquished Creatures
  Gastronok (Lair:1)
  The ghost of Rompeb the Grappler, a journeyman TrAK of Lugonu (D:13)
  Kirke (D:14)
  A frost giant (IceCv)
  A reaper (Abyss:2)
  The ghost of Kinoniko the Executioner, a journeyman MiBe of Trog (Lair:3)
  Nessos (D:15)
  A very ugly thing (D:15)
  The ghost of brob1 the Nimble, a journeyman DjFE of Dithmenos (D:14)
  The ghost of Hairutzoic the Fighter, a journeyman MiBe of Trog (Lair:5)
  The ghost of Quidd the Carver, a journeyman MiFi of the Shining One (D:13)
  An ettin (Orc:1)
  Josephine (D:12)
  A fire dragon (D:15)
  An ice dragon (D:15)
  6 ogre magi
  Fannar (Orc:1)
  9 hydras
  A boulder beetle (D:13)
  Erica (D:9)
  2 dancing weapons (D:13)
  5 centaur warriors
  2 death yaks (IceCv)
  A tengu warrior (D:13)
  29 two-headed ogres
  3 orc high priests (Orc:2)
  A large abomination (Lair:5)
  A spectral hydra (Lair:3)
  Pikel (D:5)
  2 orc knights (Orc:1)
  A deep elf zephyrmancer (D:15)
  A necromancer (D:15)
  2 lindwurms
  2 deep elf pyromancers
  14 ugly things
  4 cyclopes
  8 manticores
  A black mamba (shapeshifter) (D:15)
  2 ice statues
  2 black mambas (Lair:3)
  15 cane toads
  4 molten gargoyles (D:9)
  2 gargoyles
  A smoke demon (Lair:5)
  2 torpor snails
  An unseen horror (D:10)
  3 rime drakes
  2 efreet
  A tormentor (Abyss:2)
  A guardian mummy (D:10)
  13 komodo dragons
  5 trolls
  3 meliai (D:15)
  A wind drake (Lair:2)
  A hornet (Lair:2)
  12 polar bears
  A raiju (Lair:5)
  A spectral dream sheep (Lair:3)
  11 blink frogs
  7 dream sheep (Lair:4)
  5 slime creatures
  Sigmund (D:5)
  A shadow (D:11)
  2 spriggans
  68 yaks
  A wyvern (Lair:5)
  11 wraiths
  5 hogs (D:14)
  A neqoxec (Abyss:2)
  3 vampire mosquitoes (D:12)
  6 fire elementals (Orc:2)
  A steam dragon (D:9)
  A harpy simulacrum (D:14)
  2 nagas (Lair:3)
  5 wargs
  An acid dragon (D:9)
  A spectral cane toad (Lair:3)
  A water moccasin (shapeshifter) (D:13)
  A hell hound (Orc:2)
  15 water moccasins
  25 orc warriors
  A sky beast (D:8)
  30 ogres
  60 wolves
  13 centaurs
  Blork the orc (D:5)
  2 kobold brigands
  9 bullfrogs
  A gnoll sergeant (D:9)
  2 scorpions (D:5)
  A water moccasin zombie (D:5)
  A cane toad simulacrum (Lair:3)
  17 wights
  8 killer bees
  3 electric eels
  3 howler monkeys (D:8)
  A lava snake (D:9)
  8 centaur zombies
  A centaur skeleton (D:6)
  A gnoll shaman (D:9)
  3 hounds
  3 jellies
  20 orc priests
  3 bullfrog skeletons
  Jessica (D:2)
  22 orc wizards
  2 iguanas
  7 hell rats (Lair:3)
  3 killer bee zombies
  Robin (D:2)
  A howler monkey zombie (D:5)
  A howler monkey skeleton (D:5)
  14 gnolls
  4 adders
  2 shadow imps
  A white imp (D:5)
  An ufetubus (D:4)
  2 worms
  4 dart slugs
  65 orcs
  7 endoplasms
  5 giant cockroaches
  14 goblins
  7 hobgoblins
  2 jackals (D:4)
  13 kobolds
  5 quokkas
  7 ball pythons
  2 bats
  4 frilled lizards
  3 rats
753 creatures vanquished.

Vanquished Creatures (collateral kills)
  Azrael (Orc:2)
  4 two-headed ogres (Orc:2)
  A polar bear (IceCv)
  2 ogres (Orc:2)
8 creatures vanquished.

Vanquished Creatures (others)
  An ogre (Orc:2)
  17 fungi
  13 plants
31 creatures vanquished.

Grand Total: 792 creatures vanquished

Notes
Turn   | Place    | Note
-------+----------+-------------------------------------------
     0 | D:1      | dkowning the Minotaur Berserker began the quest for the
                  | Orb.
     0 | D:1      | Reached XP level 1. HP: 19/19 MP: 0/0
   234 | D:1      | Reached XP level 2. HP: 27/27 MP: 1/1
   247 | D:1      | Reached skill level 4 in Axes
   891 | D:2      | Noticed Jessica
   899 | D:2      | Killed Jessica
   900 | D:2      | Reached XP level 3. HP: 30/33 MP: 2/2
   978 | D:2      | Reached ** piety under Trog
  1058 | D:2      | Noticed Robin
  1066 | D:2      | Reached XP level 4. HP: 37/41 MP: 3/3
  1072 | D:2      | Killed Robin
  1375 | D:3      | Reached skill level 5 in Axes
  1426 | D:3      | Reached XP level 5. HP: 47/47 MP: 4/4
  1444 | D:3      | Found a faded altar of an unknown god.
  1502 | D:3      | Reached *** piety under Trog
  2098 | D:4      | Found a shadowy altar of Dithmenos.
  2337 | D:4      | Found Gozag's Platinum Reserve.
  2405 | D:4      | Found an opulent altar of Gozag.
  2467 | D:4      | Reached skill level 6 in Axes
  2467 | D:4      | Reached XP level 6. HP: 49/55 MP: 5/5
  2814 | D:5      | Entered Level 5 of the Dungeon
  2819 | D:5      | Reached skill level 5 in Fighting
  2887 | D:5      | Noticed Blork the orc
  2906 | D:5      | Killed Blork the orc
  2912 | D:5      | Reached skill level 7 in Axes
  2912 | D:5      | Reached XP level 7. HP: 59/61 MP: 6/6
  2946 | D:5      | Found a burning altar of Makhleb.
  2946 | D:5      | Found a sparkling altar of Nemelex Xobeh.
  2946 | D:5      | Found a sacrificial altar of Ru.
  2958 | D:5      | Noticed Pikel
  2980 | D:5      | Killed Pikel
  2981 | D:5      | Reached skill level 8 in Axes
  2981 | D:5      | Reached skill level 5 in Armour
  2987 | D:5      | Reached XP level 8. HP: 40/70 MP: 7/7
  3123 | D:5      | Noticed Sigmund
  3133 | D:5      | Killed Sigmund
  3134 | D:5      | Reached skill level 9 in Axes
  3249 | D:5      | Reached **** piety under Trog
  3336 | D:5      | Reached skill level 1 in Stealth
  3724 | D:6      | Found an ancient bone altar of Kikubaaqudgha.
  3725 | D:6      | You fall into a shaft and drop 3 floors!
  3753 | D:9      | Reached skill level 10 in Axes
  3939 | D:9      | Noticed a molten gargoyle
  3996 | D:8      | Reached XP level 9. HP: 67/79 MP: 8/8
  4019 | D:8      | Noticed a two-headed ogre
  4028 | D:8      | Killed a two-headed ogre
  4029 | D:8      | Reached skill level 11 in Axes
  4422 | D:7      | Noticed a manticore
  4431 | D:7      | Killed a manticore
  4432 | D:7      | Reached skill level 12 in Axes
  4586 | D:7      | Found a staircase to the Ecumenical Temple.
  4609 | D:7      | Found a radiant altar of Vehumet.
  4740 | D:7      | Found a transporter.
  4743 | D:7      | Found a transporter.
  4801 | D:7      | Reached XP level 10. HP: 83/90 MP: 9/9
  4885 | D:7      | Reached ***** piety under Trog
  5650 | D:9      | Killed a molten gargoyle
  5799 | D:9      | Noticed an ice statue
  5944 | D:9      | Noticed a molten gargoyle
  5960 | D:9      | Killed a molten gargoyle
  5961 | D:9      | Reached skill level 13 in Axes
  6079 | D:9      | Noticed a molten gargoyle
  6092 | D:9      | Killed a molten gargoyle
  6160 | D:9      | Reached skill level 10 in Armour
  6381 | D:9      | You are sucked into a shaft and drop 3 floors!
  6381 | D:12     | Noticed a manticore
  6385 | D:12     | Killed a manticore
  6398 | D:12     | Noticed a gargoyle
  6400 | D:12     | Noticed a green ugly thing
  6403 | D:12     | Killed a gargoyle
  6408 | D:12     | Killed a green ugly thing
  6409 | D:12     | Reached skill level 10 in Fighting
  6437 | D:12     | Noticed a cyclops
  6446 | D:12     | Killed a cyclops
  6447 | D:12     | Reached XP level 11. HP: 97/99 MP: 10/10
  6481 | D:12     | Found a frozen archway.
  6481 | D:12     | Noticed Josephine
  6489 | D:12     | Reached skill level 14 in Axes
  6502 | D:12     | Killed Josephine
  6618 | IceCv    | Entered an ice cave
  6829 | IceCv    | Reached skill level 5 in Dodging
  6910 | IceCv    | Found the +4 skin of Zhor {*Englaciate rC+++ SInv}
  6935 | IceCv    | Reached skill level 15 in Axes
  7008 | IceCv    | Received a gift from Trog
  7206 | IceCv    | Reached XP level 12. HP: 110/110 MP: 11/11
  7260 | IceCv    | Noticed a death yak
  7260 | IceCv    | Noticed a frost giant
  7260 | IceCv    | Noticed a death yak
  7272 | IceCv    | Killed a death yak
  7286 | IceCv    | Killed a death yak
  7287 | IceCv    | Reached skill level 16 in Axes
  7296 | IceCv    | Killed a frost giant
  7372 | IceCv    | Found the +27 Lear's hauberk
  8110 | D:11     | Noticed a two-headed ogre
  8119 | D:11     | Killed a two-headed ogre
  8138 | D:11     | Found a staircase to the Orcish Mines.
  8169 | D:11     | Found a staircase to the Lair.
  8175 | D:11     | Reached skill level 17 in Axes
  8511 | D:11     | Noticed a two-headed ogre
  8515 | D:11     | Killed a two-headed ogre
  8519 | D:10     | Entered Level 10 of the Dungeon
  8622 | D:10     | Found a shimmering altar of Xom.
  9084 | D:10     | Noticed a two-headed ogre
  9090 | D:10     | Killed a two-headed ogre
  9091 | D:10     | Reached XP level 13. HP: 89/119 MP: 12/12
  9297 | D:10     | Found a portal to a secret trove of treasure.
  9901 | D:9      | Noticed Erica
  9922 | D:9      | Killed Erica
 10440 | D:11     | Reached skill level 18 in Axes
 10772 | D:13     | Found a gate to the Vaults.
 10866 | D:13     | Found a runed translucent gate.
 10866 | D:13     | Found a runed translucent gate.
 10867 | D:13     | Found a runed translucent gate.
 10869 | D:13     | Noticed Rompeb's ghost (journeyman TrAK)
 10869 | D:13     | Noticed Quidd's ghost (journeyman MiFi)
 10894 | D:13     | Killed Rompeb's ghost
 10904 | D:13     | Killed Quidd's ghost
 10904 | D:13     | Received a gift from Trog
 11311 | D:13     | Reached skill level 19 in Axes
 11787 | D:14     | Reached XP level 14. HP: 120/130 MP: 4/13
 11832 | D:14     | Noticed brob1's ghost (journeyman DjFE)
 11833 | D:14     | Found a runed translucent door.
 11845 | D:14     | Killed brob1's ghost
 11845 | D:14     | Reached ****** piety under Trog
 11906 | D:14     | Found a sacrificial altar of Ru.
 12163 | D:14     | Noticed Kirke
 12239 | D:14     | Killed Kirke
 12476 | D:15     | Entered Level 15 of the Dungeon
 12524 | D:15     | Noticed Nessos
 12532 | D:15     | Killed Nessos
 12701 | D:15     | Reached skill level 20 in Axes
 12705 | D:15     | Paralysed by something for 3 turns
 12709 | D:15     | Received a gift from Trog
 14051 | D:15     | Found a staircase to the Depths.
 14196 | Depths:1 | Entered Level 1 of the Depths
 14199 | Depths:1 | Noticed a white very ugly thing
 14203 | Depths:1 | Noticed a white very ugly thing
 14358 | Depths:1 | Noticed a white very ugly thing
 14358 | Depths:1 | Noticed a white very ugly thing
 14358 | Depths:1 | Noticed a white very ugly thing
 14370 | D:15     | Killed a white very ugly thing
 14760 | Orc:1    | Entered Level 1 of the Orcish Mines
 14962 | Orc:1    | Reached skill level 15 in Fighting
 14962 | Orc:1    | Reached skill level 1 in Shields
 15144 | Orc:1    | Reached skill level 21 in Axes
 15531 | Orc:2    | Entered Level 2 of the Orcish Mines
 15616 | Orc:2    | Found a staircase to the Elven Halls.
 15629 | Orc:2    | Received a gift from Trog
 15630 | Orc:2    | Reached XP level 15. HP: 108/141 MP: 4/14
 16044 | Orc:2    | Noticed Azrael
 16081 | Orc:2    | Killed Azrael
 16593 | Orc:2    | Received a gift from Trog
 17121 | Orc:2    | Found Qickoham's Jewellery Shoppe.
 17427 | Orc:2    | Found Cifobit's Book Boutique.
 17428 | Orc:2    | Found Woni's Antique Armour Emporium.
 17428 | Orc:2    | Found Muhal's Assorted Antiques.
 17759 | Orc:1    | Noticed Fannar
 17774 | Orc:1    | Killed Fannar
 17775 | Orc:1    | Reached skill level 22 in Axes
 18212 | Lair:1   | Entered Level 1 of the Lair of Beasts
 18379 | Lair:1   | Noticed Gastronok
 18392 | Lair:1   | Killed Gastronok
 19910 | Lair:2   | Received a gift from Trog
 21157 | Lair:2   | Found a staircase to the Shoals.
 21253 | Lair:2   | Found a staircase to the Snake Pit.
 21972 | Lair:3   | Reached XP level 16. HP: 84/152 MP: 5/15
 22440 | Lair:3   | Found a runed translucent gate.
 22440 | Lair:3   | Found a runed translucent gate.
 22440 | Lair:3   | Found a runed translucent gate.
 22445 | Lair:3   | Noticed Kinoniko's ghost (journeyman MiBe)
 22468 | Lair:3   | Killed Kinoniko's ghost
 23678 | Lair:4   | Received a gift from Trog
 24803 | Lair:4   | Reached skill level 23 in Axes
 25203 | Lair:5   | Found a transporter.
 25209 | Lair:5   | Found a transporter.
 25228 | Lair:5   | Found a one-way gate to the infinite horrors of the Abyss.
 25229 | Lair:5   | Noticed Hairutzoic's ghost (journeyman MiBe)
 25239 | Lair:5   | Killed Hairutzoic's ghost
 25246 | Lair:5   | Cast into level 2 of the Abyss (spriggan)
 25478 | Lair:5   | Escaped the Abyss
 25725 | Lair:5   | Identified the +0 hat of Free Will {Harm +Inv rC- Dex-3}
 25987 | Lair:5   | Received a gift from Trog
 26236 | Lair:5   | HP: 6/155 [12-headed hydra (11)]
 26236 | Lair:5   | Slain by a 12-headed hydra

Illustrated notes

Levels and vault maps discovered:
D:1:      dpeg_arrival_central, layout_basic
D:2:      layout_basic, minmay_close_crescents, uniq_robin, uniq_jessica
D:3:      layout_loops_cross, chequers_ecumenical_altar_simple_redux
D:4:      layout_cave_pods, nicolae_gozag_zags_fifth_avenue, lemuel_doored_altar
D:5:      layout_basic, gammafunk_temple_overflow_forgotten,
          serial_co_window_serial, co_window_paths_a, co_window_paths_a,
          co_window_paths_a, co_window_of_opportunity_a, co_window_paths_b,
          co_window_paths_c, co_window_of_opportunity_b,
          co_window_unsneaky_path_c, co_window_2corner, co_window_broadway_a,
          co_window_unsneaky_path_e, co_window_sun, glass_columns_a,
          glass_columns_a, glass_columns_a, uniq_pikel, uniq_sigmund,
          uniq_blork_the_orc
D:6:      cheibrodos_steamvent, layout_basic, old_standard_altar,
          minmay_misc_feat_rows
D:7:      gammafunk_beogh_shrine, layout_basic, vehumet_crystals,
          minmay_temple_entry_grid, minivault_19
D:8:      layout_basic
D:9:      layout_stronghold, eino_tiny_chamber, minivault_8, uniq_erica
D:10:     layout_basic, mainiacjoe_overflow_24_doors, serial_glass,
          glass_columns_c, glass_columns_b, nicolae_trove_entry_path_of_doom
D:11:     layout_loops_cross, erik_lair_orcish_takeover, orc_0_dummy,
          grunt_decor_one_mirror
D:12:     layout_roguey, portal_ice_cave_entry_pillars_2, hive_lemuel,
          uniq_josephine
D:13:     layout_rooms, erik_vaults_1, gammafunk_ghost_cemetery,
          minmay_starry_boxes
D:14:     layout_basic, gammafunk_ghost_grave, nrook_pool_corridor,
          nicolae_ru_the_path_less_chosen, uniq_kirke
D:15:     grunt_enter_depths_hoard, layout_basic, uniq_nessos
Lair:1:   layout_gridlike, uniq_gastronok
Lair:2:   layout_cave_pods, minmay_shoals_entry_beasts,
          guppyfry_snake_entry_island, grunt_forest_large_clearings
Lair:3:   layout_cave_pods, gammafunk_ghost_necromancy, grunt_megastairs_3
Lair:4:   layout_cave_pods
Lair:5:   layout_long_grid, gammafunk_ghost_abyssal_escape,
          hangedman_lair_generics_rect
Orc:1:    nicolae_orc_accident_3, layout_caves, uniq_fannar
Orc:2:    st_orc_ogre_mass, layout_caves, basic_altar, uniq_azrael
Depths:1: layout_small_grid, hellmouth_3, chequers_serial_rivers_marsh,
          minmay_holes, kiku_gazebo_pond_becter, serial_bayou_shore_a,
          minmay_shop_star, uniq_enchantress, uniq_saint_roka

Skill      XL: |  1  2  3  4  5  6  7  8  9 10 11 12 13 14 15 16 |
---------------+-------------------------------------------------+-----
Fighting       | 4 5 7 8 10 11 12 13 15 16 17 | 17.0
Axes           | 4 5 6 7 8 10 12 13 15 17 19 21 22 23 | 23.3
Armour         | 3 4 6 7 8 10 11 12 13 | 13.9
Dodging        | 3 4 5 6 7 8 |  8.6
Stealth        | 1 2 3 |  3.8
Shields        | 1 3 |  3.5
Evocations     | |  0.1

Action                   |  1- 3 |  4- 6 |  7- 9 | 10-12 | 13-15 | 16-18 || total
-------------------------+-------+-------+-------+-------+-------+-------++-------
Melee: War axe           |    53 |   104 |   170 |   224 |       |       ||   551
       Headbutt          |     6 |     6 |    43 |   126 |   185 |    29 ||   395
       Battleaxe         |       |       |       |   197 |   118 |       ||   315
       Executioner's axe |       |       |       |       |   646 |   175 ||   821
Invok: Berserk           |       |     1 |     2 |     2 |    13 |     2 ||    20
       Brothers in Arms  |       |       |       |     1 |     1 |       ||     2
Evoke: Wand              |       |       |       |     1 |       |       ||     1
  Use: Scroll            |       |       |       |       |    16 |     1 ||    17
       Potion            |       |       |       |       |     2 |       ||     2
 Stab: Sleeping          |       |       |       |       |     2 |     6 ||     8
Armor: Scale mail        |    28 |    31 |       |       |       |       ||    59
       Chain mail        |       |    16 |    67 |   179 |   333 |       ||   595
       Animal skin       |       |       |       |    16 |    73 |    57 ||   146
Dodge: Dodged            |    33 |    62 |    83 |   342 |   463 |   113 ||  1096
Block: Other             |       |       |       |       |   110 |    51 ||   161
       Reflection        |       |       |       |       |     2 |       ||     2
